 Dungeon Crawl Stone Soup version 0.31-a0-986-g5e6e4ef867 (webtiles) character file.

Game seed: 6636516191794317993

20408 Persephone the Basher (level 12, -1/79 HPs)
             Began as a Gargoyle Fighter on Nov 6, 2023.
             Was the Champion of Okawaru.
             Killed by an exploding cane toad (15 damage)
             ... ignited by their inner flame
             ... on level 2 of the Lair of Beasts.
             The game lasted 00:23:52 (13527 turns).

Persephone the Basher (Gargoyle Fighter)           Turns: 13527, Time: 00:23:52

Health: -1/79      AC: 24    Str: 29    XL:     12   Next: 79%
Magic:  16/16      EV: 15    Int:  8    God:    Okawaru [******]
Gold:   972        SH:  4    Dex: 11    Spells: 11/11 levels left

rFire   . . .        j - +1 flail (venom)
rCold   . . .        c - +0 buckler
rNeg    + . .        b - +4 ring mail "Zobeihow" {Dex+2}
rPois   ∞            a - +1 helmet "Qoaruly" {Str+3}
rElec   +            d - +0 cloak
rCorr   .            (no gloves)
SInv    .            (no boots)
Will    .....        s - amulet of the acrobat
Stlth   +            r - +5 ring of evasion
HPRegen 0.33/turn    M - +4 ring of slaying
MPRegen 0.15/turn

%: acrobat
@: about to teleport, marked
A: sickness immunity, AC +8, negative energy resistance 1, electricity
resistance, torment resistance 1, petrification resistance
a: Renounce Religion, Heroism, Finesse, Duel, Receive Weapon, Receive Armour


You were on level 2 of the Lair of Beasts.
You worshipped Okawaru.
Okawaru was exalted by your worship.
You visited 3 branches of the dungeon, and saw 15 of its levels.

You collected 972 gold pieces.

Inventory:

Hand Weapons
 j - a +1 flail of venom (weapon)
Missiles
 i - 4 throwing nets
 I - 5 silver javelins
 J - 4 javelins
 K - 7 poisoned darts (quivered)
Armour
 a - the +1 helmet "Qoaruly" (worn) {Str+3}
   (You found it on level 7 of the Dungeon)

   Str+3:     It affects your strength (+3).
 b - the +4 ring mail "Zobeihow" (worn) {Dex+2}
   (You found it on level 8 of the Dungeon)

   Dex+2:     It affects your dexterity (+2).
 c - a +0 buckler (worn)
 d - a +0 cloak (worn)
Jewellery
 r - a +5 ring of evasion (left hand)
 s - an amulet of the acrobat (around neck)
 F - a ring of see invisible
 M - a +4 ring of slaying (right hand)
 N - a ring of protection from fire
 O - a ring of protection from cold
Wands
 y - a wand of iceblast (17)
 A - a wand of flame (15)
 P - a wand of polymorph (6)
Scrolls
 e - 2 scrolls of amnesia
 f - 3 scrolls of vulnerability
 h - 3 scrolls of poison
 n - 9 scrolls of teleportation
 t - 2 scrolls of immolation
 x - a scroll of noise
Potions
 g - a potion of berserk rage
 k - 2 potions of curing
 l - a potion of degeneration
 o - 2 potions of attraction
 p - 5 potions of heal wounds
 u - 2 potions of haste {unknown}
 B - 2 potions of ambrosia {unknown}
 E - 2 potions of brilliance
 G - 3 potions of invisibility
 L - 2 potions of magic


   Skills:
 + Level 10.7 Fighting
 - Level 14.0 Maces & Flails
 + Level 5.4 Throwing
 + Level 10.8 Armour
 - Level 3.2 Shields
 + Level 6.5 Invocations


You had 11 spell levels left.
You didn't know any spells.
Your spell library contained the following spells:

 Spells                   Type           Power      Damage    Failure   Level
 Magic Dart               Conj           0%         1d3       56%         1
 Sandblast                Erth           0%         2d4       56%         1
 Shock                    Conj/Air       0%         1d3       56%         1
 Blink                    Tloc           0%         N/A       71%         2
 Ensorcelled Hibernation  Hex/Ice        0%         N/A       71%         2
 Passwall                 Tmut/Erth      0%         N/A       71%         2
 Searing Ray              Conj           0%         2d4       71%         2
 Ignite Poison            Fire/Tmut/Pois 0%         N/A       90%         3
 Stone Arrow              Conj/Erth      0%         3d7       90%         3
 Swiftness                Air            0%         N/A       90%         3
 Airstrike                Air            0%         2d(0-16)  100%        4
 Brom's Barrelling Bould  Conj/Erth      0%         2d3       100%        4
 Cause Fear               Hex            0%         N/A       100%        4
 Fulminant Prism          Conj/Hex       0%         3d5       100%        4
 Leda's Liquefaction      Hex/Erth       0%         N/A       100%        4
 Manifold Assault         Tloc           0%         N/A       100%        4
 Sticky Flame             Conj/Fire      0%         2d3       100%        4
 Fireball                 Conj/Fire      0%         3d3       100%        5
 Freezing Cloud           Conj/Ice/Air   0%         6-21      100%        5
 Lee's Rapid Deconstruct  Erth           0%         3d4*      100%        5
 Bombard                  Conj/Erth      0%         9d1       100%        6
 Ozocubu's Refrigeration  Ice            0%         4d7       100%        7
 Ignition                 Fire           0%         3d3       100%        8
 Polar Vortex             Ice            0%         N/A       100%        9
 Cigotuvi's Dreadful Rot  Necr/Pois/Air  Unusable   N/A       N/A         2
 Simulacrum               Ice/Necr       Unusable   N/A       N/A         6
 Dragon's Call            Summ           Unusable   N/A       N/A         9

Dungeon Overview and Level Annotations

Branches:
Dungeon (12/15)            Temple (1/1) D:4            Lair (2/5) D:8
 Spider (0/4) Lair:2          Orc (0/2) D:12
  Swamp: Lair:2-3    Shoals: Lair:2-3

Altars:
Ashenzari
Cheibriados
Dithmenos
Elyvilon
Fedhas
Gozag
Hepliaklqana
Kikubaaqudgha
Makhleb
Nemelex Xobeh
Okawaru
Qazlal
Ru
Sif Muna
Trog
Uskayaw
Vehumet
Wu Jian
Xom
Yredelemnul
Zin
The Shining One

Shops:
D:9 =   D:12 *

Annotations:
D:3 1 runed translucent door, DocClef's ghost, amateur DsSh
D:12 1 runed translucent door, Naiya55's ghost, journeyman FoFi


Innate Abilities, Weirdness & Mutations

You are immune to sickness and miasma.
Your stone body is resilient. (AC +8)
You are immune to poison.
You resist negative energy. (rN+)
You are resistant to electric shocks. (rElec)
You are resistant to unholy torment.
You are immune to petrification.


Message History

The wyvern barely misses you. The bullfrog barely misses you.
A polar bear comes into view.
A blink frog comes into view.
The komodo dragon is engulfed in blazing flames.
Okawaru accepts your kill.
The komodo dragon explodes!
The fiery explosion engulfs the cane toad!!
Flame seeps out of the cane toad.
The cane toad is severely wounded.
The fiery explosion engulfs the bullfrog!
Flame seeps out of the bullfrog.
The bullfrog is heavily wounded.
The fiery explosion engulfs you but does no damage.
The fiery explosion engulfs the cane toad!!
Flame seeps out of the cane toad.
The cane toad is severely wounded.
The fiery explosion engulfs the wyvern!!!
Okawaru accepts your kill.
The wyvern explodes!
The fiery explosion engulfs the cane toad!!
Okawaru accepts your kill. The fiery explosion engulfs you!!
* * * LOW HITPOINT WARNING * * *
The fiery explosion engulfs the skyshark!!
Flame seeps out of the skyshark.
The skyshark is moderately wounded.
The fiery explosion engulfs the bullfrog!!!
Okawaru accepts your kill.
The bullfrog explodes!
The fiery explosion engulfs you!
* * * LOW HITPOINT WARNING * * *
The cane toad explodes!
The fiery explosion engulfs the bullfrog!!
Okawaru accepts your kill.
The fiery explosion engulfs the cane toad!!
Flame seeps out of the cane toad.
The cane toad is severely wounded.
The fiery explosion engulfs the cane toad!!
Okawaru accepts your kill. The fiery explosion engulfs you!
You die...

# #P. .#
#####..(. ....#
### #........
.....#
##.####§§§.....
......##....○○@§#
.......#....○○§##
......#.....F§l#
......$#..(F..F#
.......#..P##.##
...>...hl.###l#
......((..# #F##
......##..##PFP##
###..##P..#..§..:


You could see a skyshark (inner flame), a polar bear, a komodo dragon (inner
flame), 2 cane toads, a basilisk (inner flame), 2 blink frogs and a bullfrog
(inner flame).

Vanquished Creatures
  Jorgrun (D:12)
  A catoblepas (Lair:1)
  A death yak (Lair:1)
  A boulder beetle (Lair:2)
  Pikel (D:7)
  An ugly thing (D:11)
  A cyclops (D:12)
  A black mamba (Lair:1)
  A torpor snail (Lair:1)
  5 cane toads
  An unseen horror (D:11)
  A gargoyle (D:12)
  Jeremiah (D:8)
  Psyche (D:9)
  5 komodo dragons
  5 trolls
  2 polar bears (Lair:2)
  A shadow (D:12)
  24 yaks
  3 wyverns
  A wraith (D:10)
  4 steam dragons
  A basilisk (D:12)
  A human (D:12)
  6 water moccasins
  5 orc warriors
  4 black bears
  A sky beast (D:8)
  3 centaurs
  A lemure (D:7)
  Blork the orc (D:4)
  12 bullfrogs
  4 kobold brigands
  3 scorpions (D:5)
  2 gnoll sergeants
  19 wights
  9 killer bees
  10 howler monkeys
  5 orc priests
  4 jellies
  3 gnoll boudas
  Crazy Yiuf (D:4)
  5 hounds
  Natasha (thrice) (D:4)
  3 iguanas
  13 orc wizards
  23 gnolls
  7 adders
  2 shadow imps
  A white imp (D:7)
  7 ufetubi
  A worm (D:2)
  4 dart slugs
  37 orcs
  7 endoplasms
  5 giant cockroaches
  13 goblins
  5 hobgoblins
  5 jackals
  17 kobolds
  A quokka (D:4)
  5 ball pythons
  2 bats (D:1)
  3 frilled lizards
  6 rats
333 creatures vanquished.

Notes
Turn   | Place    | Note
-------+----------+-------------------------------------------
     0 | D:1      | Persephone the Gargoyle Fighter began the quest for the
                  | Orb.
     0 | D:1      | Reached XP level 1. HP: 14/14 MP: 1/1
   291 | D:1      | Reached XP level 2. HP: 19/19 MP: 2/2
   415 | D:1      | Found a faded altar of an unknown god.
   569 | D:1      | Reached skill level 3 in Maces & Flails
   662 | D:2      | Reached XP level 3. HP: 23/23 MP: 3/3
   707 | D:2      | Found a broken altar of Ashenzari.
   962 | D:2      | Reached skill level 4 in Maces & Flails
  1097 | D:2      | Reached XP level 4. HP: 17/28 MP: 4/4
  1346 | D:3      | Found a basalt altar of Yredelemnul.
  1500 | D:3      | Found a runed translucent door.
  1500 | D:3      | Noticed DocClef's ghost (amateur DsSh)
  1500 | D:3      | Noticed a steam dragon
  1633 | D:3      | Reached skill level 5 in Maces & Flails
  1633 | D:3      | Reached XP level 5. HP: 29/32 MP: 5/5
  1874 | D:3      | Found a shimmering blue altar of Sif Muna.
  2143 | D:4      | Noticed Natasha
  2150 | D:4      | Killed Natasha
  2157 | D:4      | Reached skill level 6 in Maces & Flails
  2157 | D:4      | Reached XP level 6. HP: 27/37 MP: 6/6
  2230 | D:4      | Found a staircase to the Ecumenical Temple.
  2232 | D:4      | Noticed Blork the orc
  2249 | D:4      | Killed Blork the orc
  2260 | Temple   | Entered the Ecumenical Temple
  2281 | Temple   | Became a worshipper of Warmaster Okawaru
  2346 | D:4      | Found a runed translucent door.
  2348 | D:4      | Noticed Crazy Yiuf
  2366 | D:4      | Noticed Natasha
  2377 | D:4      | Killed Natasha
  2510 | D:4      | Killed Crazy Yiuf
  2511 | D:4      | Reached skill level 7 in Maces & Flails
  2688 | D:4      | Found a hide-covered altar of Uskayaw.
  2914 | D:4      | Noticed Natasha
  2922 | D:4      | Killed Natasha
  2923 | D:4      | Reached XP level 7. HP: 41/41 MP: 7/7
  3314 | D:5      | Entered Level 5 of the Dungeon
  3498 | D:5      | Reached skill level 8 in Maces & Flails
  3522 | D:5      | Found a hazy altar of Hepliaklqana.
  3920 | D:5      | Reached * piety under Okawaru
  4274 | D:5      | Found a stormy altar of Qazlal.
  4278 | D:5      | Found a burning altar of Makhleb.
  4278 | D:5      | Found an iron altar of Okawaru.
  4281 | D:5      | Found a glowing silver altar of Zin.
  4281 | D:5      | Found a snail-covered altar of Cheibriados.
  4281 | D:5      | Found a shimmering altar of Xom.
  4321 | D:6      | Reached skill level 9 in Maces & Flails
  4321 | D:6      | Reached XP level 8. HP: 38/46 MP: 8/8
  4520 | D:6      | Reached skill level 10 in Maces & Flails
  4535 | D:6      | Reached ** piety under Okawaru
  4713 | D:6      | Reached skill level 11 in Maces & Flails
  4728 | D:6      | Reached XP level 9. HP: 34/51 MP: 7/9
  5134 | D:6      | Found a glowing golden altar of the Shining One.
  5455 | D:7      | Reached skill level 12 in Maces & Flails
  5534 | D:7      | HP: 1/51 [steam dragon (4)]
  5722 | D:7      | Noticed Pikel
  5744 | D:7      | Killed Pikel
  5744 | D:7      | Reached *** piety under Okawaru
  5745 | D:7      | Reached skill level 13 in Maces & Flails
  5823 | D:7      | Found a snail-covered altar of Cheibriados.
  5959 | D:7      | Reached XP level 10. HP: 19/56 MP: 7/10
  6116 | D:7      | Reached skill level 14 in Maces & Flails
  6228 | D:7      | Reached **** piety under Okawaru
  6471 | D:7      | Identified the +1 helmet "Qoaruly" {Str+3}
  6913 | D:8      | Reached skill level 5 in Fighting
  6914 | D:8      | Reached skill level 5 in Armour
  7011 | D:8      | Identified the +4 ring mail "Zobeihow" {Dex+2}
  7193 | D:8      | Found a staircase to the Lair.
  7487 | D:8      | Noticed Jeremiah
  7540 | D:8      | Killed Jeremiah
  7723 | D:8      | Found a bloodstained altar of Trog.
  8111 | D:9      | Found Qeisu's Jewellery Boutique.
  8189 | D:9      | Found a sparkling altar of Nemelex Xobeh.
  8217 | D:9      | Noticed Psyche
  8231 | D:9      | Killed Psyche
  8303 | D:9      | Reached ***** piety under Okawaru
  8338 | D:9      | Reached XP level 11. HP: 67/67 MP: 11/11
  8622 | D:10     | Entered Level 10 of the Dungeon
  8921 | D:10     | Found a shadowy altar of Dithmenos.
  9839 | D:11     | Noticed a purple ugly thing
  9853 | D:11     | Killed a purple ugly thing
  9853 | D:11     | Received a gift from Okawaru
  9854 | D:11     | Reached skill level 1 in Throwing
  9854 | D:11     | Reached skill level 1 in Invocations
 11081 | D:12     | Found a staircase to the Orcish Mines.
 11321 | D:12     | Noticed a cyclops
 11342 | D:12     | Killed a cyclops
 11410 | D:12     | Noticed Jorgrun
 11426 | D:12     | Killed Jorgrun
 11597 | D:12     | Found a runed translucent door.
 11597 | D:12     | Found a shimmering altar of Xom.
 11597 | D:12     | Noticed a +3 long sword of chaos
 11597 | D:12     | Noticed Naiya55's ghost (journeyman FoFi)
 11671 | D:12     | Found Okud's Serpentskin Sales.
 11930 | Lair:1   | Entered Level 1 of the Lair of Beasts
 12091 | Lair:1   | Reached XP level 12. HP: 71/76 MP: 15/15
 12185 | Lair:1   | Received a gift from Okawaru
 12402 | Lair:1   | Reached skill level 5 in Invocations
 12435 | Lair:1   | Reached skill level 10 in Armour
 12440 | Lair:1   | Reached skill level 10 in Fighting
 12751 | Lair:1   | Noticed a catoblepas
 12767 | Lair:1   | Killed a catoblepas
 13103 | Lair:1   | Noticed a death yak
 13115 | Lair:1   | Reached skill level 5 in Throwing
 13125 | Lair:1   | Killed a death yak
 13436 | Lair:2   | Found a hole to the Spider Nest.
 13463 | Lair:2   | Reached ****** piety under Okawaru
 13496 | Lair:2   | Noticed a boulder beetle
 13509 | Lair:2   | Killed a boulder beetle
 13509 | Lair:2   | Received a gift from Okawaru
 13521 | Lair:2   | Noticed a skyshark
 13527 | Lair:2   | Killed by an exploding cane toad... ignited by their inner
                  | flame

Illustrated notes

Levels and vault maps discovered:
D:1:      enne_arrival_octagon_isle, layout_rooms,
          hellmonk_ecumenical_altar_slurped_away
D:2:      minmay_alternating_diamond, layout_rooms, serial_curves,
          eino_curves_03, eino_curves_01, basic_altar,
          kennysheep_generic_room_15
D:3:      kennysheep_the_goblin_king, layout_rooms,
          mainiacjoe_overflow_24_doors, mainiacjoe_overflow_alcove_4,
          ebering_ghost_inner_flame, minmay_hedge_maze, minivault_5
D:4:      layout_basic, mainiacjoe_overflow_small_starburst,
          minmay_temple_entry_metal_lava, uniq_natasha, uniq_blork_the_orc,
          uniq_crazy_yiuf_cottage
D:5:      layout_loops_corners, doesnt_xom_only_xom,
          mainiacjoe_overflow_brackets, minmay_gold_behind_fungi, minivault_27
D:6:      layout_rooms, nicolae_overflow_crystal_walls
D:7:      layout_basic, kennysheep_slug_shrine, minmay_joined_circles,
          uniq_pikel
D:8:      layout_basic, mainiacjoe_overflow_surrounded_room, david_lair_generic,
          uniq_jeremiah
D:9:      layout_gridville, nemelex_spade_bored_becter, serial_shops, shop,
          chequers_serial_rivers_small_3, grunt_ministairs_1, uniq_psyche
D:10:     layout_stronghold, nicolae_dithmenos_the_darkroom
D:11:     layout_grid_maze
D:12:     layout_loops_ring, erik_orc_4, ebering_ghost_xom, guppyfry_shop_venom,
          uniq_jorgrun
Temple:   nicolae_temple_godzebo
Lair:1:   layout_gridlike, chequers_serial_rivers_micro_c,
          small_statue_intersection, serial_bayou_crossing,
          infiniplex_staircase_pool, grunt_megastairs_1
Lair:2:   minmay_lair_oklob_chamber, layout_gridlike, dummy_spider_entry

Skill      XL: |  1  2  3  4  5  6  7  8  9 10 11 12 |
---------------+-------------------------------------+-----
Maces & Flails | 3 4 5 6 7 9 11 13 14 | 14.0
Fighting       | 7 9 10 | 10.7
Armour         | 7 9 10 | 10.8
Throwing       | 3 5 |  5.4
Invocations    | 4 6 |  6.5
Shields        | |  3.2

Action                     |  1- 3 |  4- 6 |  7- 9 | 10-12 || total
---------------------------+-------+-------+-------+-------++-------
  Melee: Flail             |   107 |   151 |   314 |   578 ||  1150
         Whip              |       |       |    77 |   252 ||   329
  Throw: Javelin           |       |       |     4 |       ||     4
         Dart              |       |       |       |   201 ||   201
 Invoke: Heroism           |       |       |     6 |     6 ||    12
  Evoke: Wand              |       |       |    11 |    33 ||    44
    Use: Potion            |       |     1 |     4 |     1 ||     6
         Scroll            |       |       |    11 |    15 ||    26
 Armour: Scale mail        |    83 |    16 |       |       ||    99
         Plate armour      |       |   105 |   295 |    85 ||   485
         Ring mail         |       |       |       |   296 ||   296
  Dodge: Dodged            |    50 |    51 |   220 |   637 ||   958
  Block: Buckler           |    35 |    26 |    79 |   173 ||   313

Table legend: (Time is in decaauts)
 A = Elapsed time spent in this place.
 B = Non-inter-level travel time spent in this place.
 C = Inter-level travel time spent in this place.
 D = Time resting spent in this place.
 E = Time spent auto-exploring this place.
 F = Levels seen in this place.
 G = Mean time per level.
                   A        B        C        D        E       F      G
               +--------+--------+--------+--------+--------+-----+--------+
         Total |  13220 |  12448 |    772 |      0 |   9945 |  15 |  881.3 |
       Dungeon |  11654 |  10920 |    734 |      0 |   8743 |  12 |  971.2 |
        Temple |     42 |     21 |     21 |      0 |      0 |   1 |   42.0 |
          Lair |   1523 |   1506 |     17 |      0 |   1201 |   2 |  761.5 |
               +--------+--------+--------+--------+--------+-----+--------+

Top non-repeatable levels by time:
  Lair:1: 1437 daAuts
    D:11: 1242 daAuts
     D:8: 1229 daAuts
     D:7: 1185 daAuts
     D:6: 1151 daAuts
     D:4: 1128 daAuts
    D:10: 1078 daAuts
     D:5: 994 daAuts
    D:12: 888 daAuts
     D:3: 867 daAuts
     D:2: 686 daAuts
     D:1: 629 daAuts
     D:9: 572 daAuts
  Lair:2: 86 daAuts
  Temple: 42 daAuts
